 Dungeon Crawl Stone Soup version 0.27-a0-216-g1fbed8a51c (webtiles) character file.

Game seed: 12706947376124684236

954 jasper the Covert (level 7, -6/32 HPs)
             Began as a Spriggan Enchanter on Jan 31, 2021.
             Was an Initiate of Cheibriados.
             Mangled by a wight
             ... wielding a +0 halberd
              (9 damage)
             ... on level 7 of the Dungeon.
             The game lasted 00:08:33 (6085 turns).

jasper the Covert (Spriggan Enchanter)              Turns: 6085, Time: 00:08:34

Health: -6/32      AC:  2    Str:  5    XL:     7   Next: 91%
Magic:  11/14      EV: 23    Int: 19    God:    Cheibriados [......]
Gold:   277        SH:  0    Dex: 18    Spells: 5/14 levels left

rFire    x . .     SeeInvis +   r - +0 dagger (venom)
rCold    + . .     Faith    .   (shield restricted)
rNeg     + . .     Spirit   .   b - +0 robe
rPois    .         Reflect  .   (helmet restricted)
rElec    .         Harm     .   (no cloak)
rCorr    .         Rampage  .   (gloves unavailable)
Will     +....                  (boots unavailable)
Stlth    ++++......             (no amulet)
HPRegen  0.10/turn              o - ring of positive energy
MPRegen  0.14/turn              v - ring of ice

@: confusing touch, quick
A: very small, unfitting armour, see invisible, speed 3
a: Renounce Religion, Bend Time


You were on level 7 of the Dungeon.
You worshipped Cheibriados.
Cheibriados was noncommittal.
You visited 2 branches of the dungeon, and saw 8 of its levels.

You collected 277 gold pieces.

Inventory:

Hand Weapons
 a - a +1 dagger
 r - a +0 dagger of venom (weapon)
 t - a +0 dagger of pain
Missiles
 m - 47 poisoned darts
Armour
 b - a +0 robe (worn)
 n - +0 storm dragon scales
Jewellery
 o - a ring of positive energy (left hand)
 v - a ring of ice (right hand)
Scrolls
 f - 5 scrolls of identify
 h - 2 scrolls of enchant weapon
 i - a scroll of random uselessness {unknown}
 k - 2 scrolls of remove curse {unknown}
 l - 2 scrolls of teleportation {unknown}
 p - a scroll of magic mapping {unknown}
 s - 2 scrolls of enchant armour {unknown}
 u - a scroll of fog {unknown}
 x - a scroll of noise {unknown}
Potions
 c - 2 potions of might {unknown}
 d - 2 potions of magic {unknown}
 e - 4 potions of curing {unknown}
 g - 4 potions of lignification {unknown}
 j - 3 potions of ambrosia {unknown}
 q - a potion of invisibility {unknown}
 w - 2 potions of heal wounds {unknown}


   Skills:
 - Level 1.1 Short Blades
 + Level 7.0 Dodging
 + Level 8.3 Stealth
 - Level 4.0 Spellcasting
 + Level 6.5 Hexes
 - Level 3.0 Ice Magic


You had 5 spell levels left.
You knew the following spells:

 Your Spells              Type           Power        Failure   Level
a - Corona                Hex            31%          1%          1
b - Ensorcelled Hibernat  Hex/Ice        64%          3%          2
c - Confusing Touch       Hex            28%          2%          3
d - Tukima's Dance        Hex            28%          2%          3

Your spell library contained the following spells:

 Spells                   Type           Power        Failure   Level
 Freeze                   Ice            88%          4%          1
 Dazzling Flash           Conj/Hex       32%          11%         3
 Frozen Ramparts          Ice            44%          12%         3
 Ozocubu's Armour         Ice            22%          12%         3
 Hailstorm                Conj/Ice       14%          58%         4
 Summon Ice Beast         Ice/Summ       14%          58%         4


Dungeon Overview and Level Annotations

Branches:
Dungeon (7/15)             Temple (1/1) D:4

Altars:
Ashenzari
Cheibriados
Dithmenos
Elyvilon
Fedhas
Gozag
Hepliaklqana
Makhleb
Nemelex Xobeh
Sif Muna
Trog
Xom
Yredelemnul
Zin


Innate Abilities, Weirdness & Mutations

You are very small and have problems with some larger weapons.
You are too small for most types of armour.
You have supernaturally acute eyesight. (SInv)
You cover ground extremely quickly.


Message History

Your hands begin to glow red.
You kill the howler monkey!
Cheibriados appreciates the change of pace.
A wight comes into view.
It is wielding a +2 hand axe of electrocution.
The wight hits you from afar with a +0 halberd!
Your Dodging skill increases to level 7!
You take 15 damage, and have 17/32 hp.
MASSIVE DAMAGE!!
You now have 11/14 mp.
The wight closely misses you.
You barely miss the wight. The wight completely misses you.
Okay, then.
You swing at nothing.
The wight hits you with a +0 halberd!
* * * LOW HITPOINT WARNING * * *
You take 10 damage, and have 7/32 hp.
MASSIVE DAMAGE!!
As you read the scroll labelled REVOJE SEIKEY, it crumbles to dust.
It is a scroll of identify.
h - 2 scrolls of enchant weapon The wight hits you with a cursed +2 hand axe of electrocution.
* * * LOW HITPOINT WARNING * * *
The wight hits you with a +0 halberd!
You die...

#...........
...#####.######.
#..........##
#....####...## ##.
###..###..#
##..##......##.##
##....... #......#
#.......# ##.....#
#.......####.z@..#
#........##†..z..#
##..s##......##.....#
##. ###..###..##### #
#### .##


You could see 2 wights.

Vanquished Creatures
  A black bear (D:7)
  An ogre (D:4)
  A centaur (D:5)
  A bullfrog (D:6)
  2 scorpions
  3 howler monkeys
  A bullfrog zombie (D:3)
  A centaur skeleton (D:4)
  4 hounds
  An orc wizard (D:4)
  3 worker ants
  A worker ant zombie (D:7)
  7 adders
  2 white imps
  An ooze (D:1)
  An adder zombie (D:6)
  A worm (D:2)
  2 dart slugs
  A leopard gecko (D:5)
  4 orcs
  3 giant cockroaches
  5 goblins
  4 hobgoblins
  2 jackals
  6 kobolds
  5 bats
  3 frilled lizards
  7 rats
74 creatures vanquished.

Vanquished Creatures (others)
  A fungus (D:7)
1 creature vanquished.

Grand Total: 75 creatures vanquished

Notes
Turn   | Place    | Note
-------+----------+-------------------------------------------
     0 | D:1      | jasper the Spriggan Enchanter began the quest for the Orb.
     0 | D:1      | Reached XP level 1. HP: 9/9 MP: 5/5
   365 | D:2      | Reached XP level 2. HP: 13/13 MP: 6/6
   368 | D:2      | Learned a level 2 spell: Ensorcelled Hibernation
   504 | D:2      | Reached XP level 3. HP: 16/16 MP: 8/8
   628 | D:2      | Found a hazy altar of Hepliaklqana.
  1303 | D:3      | Reached skill level 5 in Stealth
  1501 | D:3      | Learned a level 3 spell: Confusing Touch
  1698 | D:3      | Noticed an orc warrior
  1730 | D:3      | Reached skill level 1 in Ice Magic
  1730 | D:3      | Reached XP level 4. HP: 19/21 MP: 5/10
  2956 | D:4      | Reached XP level 5. HP: 18/24 MP: 0/11
  3555 | D:4      | Learned a level 3 spell: Tukima's Dance
  3593 | D:4      | Noticed an ogre
  3594 | D:4      | Found a white marble altar of Elyvilon.
  3601 | D:4      | Killed an ogre
  3602 | D:4      | Reached skill level 6 in Stealth
  3602 | D:4      | Reached skill level 5 in Hexes
  3602 | D:4      | Reached XP level 6. HP: 28/28 MP: 13/13
  3684 | D:4      | Reached skill level 5 in Dodging
  4080 | D:4      | Found a staircase to the Ecumenical Temple.
  4089 | Temple   | Entered the Ecumenical Temple
  4216 | Temple   | Became a worshipper of Cheibriados the Contemplative
  4353 | D:5      | Entered Level 5 of the Dungeon
  4625 | D:5      | Found a bloodstained altar of Trog.
  4666 | D:5      | Found Egija's Distillery.
  4673 | D:5      | Found a blossoming altar of Fedhas.
  5012 | D:5      | Reached skill level 7 in Stealth
  5108 | D:5      | Reached XP level 7. HP: 32/32 MP: 14/14
  5440 | D:6      | Found a shimmering altar of Xom.
  5952 | D:7      | Reached skill level 8 in Stealth
  6085 | D:7      | Mangled by a wight

Illustrated notes

Levels and vault maps discovered:
D:1:      shiori_arrival_maze, layout_basic, chequers_serial_rivers_micro_a
D:2:      layout_basic, nzn_hepliaklqana_mist_gate
D:3:      minmay_evil_eye, layout_rooms, general_overflow_altar
D:4:      layout_basic, elyvilon_altar_5, temple_hall
D:5:      layout_basic, lemuel_crystal_altar, fedhas_altar_2, serial_shops,
          shop, minmay_misc_feat_columns
D:6:      layout_loops_ring, kennysheep_mini, old_standard_altar,
          lemuel_crystal_altar, lemuel_round_altar,
          lemuel_coloured_pillars_altar
D:7:      layout_loops_ring, minmay_misc_feat_iff, uniq_crazy_yiuf_cottage,
          uniq_maggie
Temple:   nicolae_temple_figure_zero

Skill      XL: |  1  2  3  4  5  6  7 |
---------------+----------------------+-----
Spellcasting   | 3 4 |  4.0
Hexes          | 4 5 6 |  6.5
Stealth        | 5 6 7 8 |  8.3
Dodging        | 4 5 7 |  7.0
Ice Magic      | 1 2 3 |  3.0
Short Blades   | |  1.1

Action                   |  1- 3 |  4- 6 |  7- 9 || total
-------------------------+-------+-------+-------++-------
Melee: Dagger            |    94 |    97 |    64 ||   255
 Cast: Ensorcelled Hiber |    19 |    16 |     3 ||    38
       Confusing Touch   |     1 |     1 |     4 ||     6
       Corona            |       |     1 |       ||     1
  Use: Scroll            |       |       |     1 ||     1
 Stab: Sleeping          |    19 |    14 |     6 ||    39
       Confused          |     1 |     1 |     4 ||     6
Armor: Robe              |    14 |     9 |       ||    23
Dodge: Dodged            |    85 |    85 |    51 ||   221

Table legend: (Time is in decaauts)
 A = Elapsed time spent in this place.
 B = Non-inter-level travel time spent in this place.
 C = Inter-level travel time spent in this place.
 D = Time resting spent in this place.
 E = Time spent auto-exploring this place.
 F = Levels seen in this place.
 G = Mean time per level.
                   A        B        C        D        E       F      G
               +--------+--------+--------+--------+--------+-----+--------+
         Total |   4902 |   4768 |    134 |   1070 |   2958 |   8 |  612.8 |
       Dungeon |   4811 |   4698 |    113 |   1070 |   2890 |   7 |  687.3 |
        Temple |     90 |     70 |     20 |      0 |     67 |   1 |   90.0 |
               +--------+--------+--------+--------+--------+-----+--------+

Top non-repeatable levels by time:
     D:4: 1092 daAuts
     D:2: 1058 daAuts
     D:5: 919 daAuts
     D:1: 626 daAuts
     D:3: 406 daAuts
     D:7: 389 daAuts
     D:6: 319 daAuts
  Temple: 90 daAuts
